 Dungeon Crawl Stone Soup version 0.20.0-9-g8272e65 (webtiles) character file.

9349 Lavandula the Fighter (level 11, -4/93 HPs)
             Began as a Barachi Hunter on June 2, 2017.
             Was an Elder of Cheibriados.
             Hit by a large rock thrown by a stone giant (53 damage)
             ... on level 2 of the Orcish Mines.
             The game lasted 00:41:55 (10861 turns).

Lavandula the Fighter (Barachi Hunter)             Turns: 10861, Time: 00:41:55

Health: -4/93      AC:  5    Str: 23    XL:     11   Next: 45%
Magic:  15/15      EV: 19    Int: 20    God:    Cheibriados [****..]
Gold:   561        SH:  0    Dex: 25    Spells: 10/10 levels left

rFire    . . .     SeeInvis .   a - +1 hand crossbow
rCold    . . .     Gourm    .   (no shield)
rNeg     . . .     Faith    .   h - +0 ring mail
rPois    .         Spirit   .   (no helmet)
rElec    .         Reflect  .   (no cloak)
rCorr    .         Harm     .   (no gloves)
MR       .....                  (no boots)
Stlth    ++........             (no amulet)
Regen    0.3/turn               (no ring)
MPRegen  0.2/turn               (no ring)

@: very slow
A: +LOS, swims, slowness 1, strong legs 1
a: Hop, Bend Time, Temporal Distortion, Slouch, Renounce Religion


You were on level 2 of the Orcish Mines.
You worshipped Cheibriados.
Cheibriados was greatly pleased with you.
You were not hungry.

You visited 3 branches of the dungeon, and saw 12 of its levels.

You collected 851 gold pieces.
You spent 290 gold pieces at shops.

Inventory:

Hand Weapons
 a - a +1 hand crossbow (weapon)
 j - a +0 trident
 C - a +2 trident of protection
 N - a +1 dagger of venom
Missiles
 d - 10 bolts (quivered)
 s - 11 tomahawks
Armour
 c - a +0 leather armour
 h - a +0 ring mail (worn)
Magical Staves
 G - an uncursed staff of summoning
Jewellery
 y - a cursed -3 ring of dexterity {unknown}
 A - an uncursed ring of resist corrosion {unknown}
Wands
 t - a wand of scattershot (4/9)
 H - a wand of iceblast (1/15)
 M - a wand of confusion (26/48)
 Q - a wand of clouds (0/9)
Scrolls
 e - a scroll of magic mapping
 i - 6 scrolls of remove curse
 k - 2 scrolls of recharging {unknown}
 r - 3 scrolls of teleportation
 w - a scroll of vulnerability
 B - 2 scrolls of enchant armour
 D - a scroll of immolation
 K - a scroll of acquirement {unknown}
 O - a scroll of fear {unknown}
 P - a scroll of amnesia {unknown}
Potions
 b - a potion of degeneration {unknown}
 m - a potion of invisibility {unknown}
 n - 2 potions of flight {unknown}
 o - 2 potions of mutation
 p - a potion of heal wounds {unknown}
 q - a potion of might {unknown}
 u - a potion of berserk rage {unknown}
 v - 2 potions of agility
 x - 2 potions of brilliance {unknown}
 z - 4 potions of curing {unknown}
 E - 2 potions of ambrosia {unknown}
 F - a potion of magic {unknown}
 I - a potion of haste {unknown}
Books
 J - a book of Misfortune

   Spells                             Type                      Level
   a - Confusing Touch                Hexes                        1
   b - Confuse                        Hexes                        3
   c - Gell's Gravitas                Translocation                3
   d - Petrify                        Transmutation/Earth          4
   e - Metabolic Englaciation         Hexes/Ice                    5
   f - Yara's Violent Unravelling     Hexes/Transmutation          5
Comestibles
 f - 8 bread rations
 g - 3 royal jellies
 l - 3 meat rations
 L - a fruit


   Skills:
 - Level 11.0 Fighting
 - Level 2.4 Short Blades
 - Level 10.2 Crossbows
 - Level 1.6 Armour
 - Level 8.1 Dodging
 - Level 0.8 Stealth
 + Level 6.6 Invocations
 - Level 5.5 Evocations


You had 10 spell levels left.
You didn't know any spells.

Dungeon Overview and Level Annotations

Branches:
Dungeon (9/15)             Temple (1/1) D:6             Orc (2/2) D:9
    Elf (0/3) Orc:2
   Lair: D:8-11

Altars:
Cheibriados
Dithmenos
Elyvilon
Fedhas
Gozag
Kikubaaqudgha
Makhleb
Nemelex Xobeh
Sif Muna
Vehumet
Xom
Yredelemnul
Zin
The Shining One

Shops:
D:5 ?   D:7 *   Orc:2 [

Annotations:
D:7 1 runed door, exclusion: 2 downstairs
D:9 exclusion: 4 doors
Orc:2 Snorg


Innate Abilities, Weirdness & Mutations

Shadows flee at your approach. (+LOS)
You can swim through water.
You cover ground slowly.
You can hop short distances.


Message History

a trident; an orc corpse
j - a trident
Found 36 gold pieces.
Found a stone staircase leading up.
Found 19 gold pieces.
d - 9 bolts (gained 1)
You see here a falchion.
Found 16 gold pieces.
d - 10 bolts (gained 1) Wield which item (- for none, * to show all)? (? for menu, Esc to quit)
Your +1 dagger of venom stops dripping with poison.
a - a +1 hand crossbow (weapon)
A cyclops and Snorg come into view.
Snorg shouts!
A stone giant comes into view.
The stone giant shouts!
The stone giant throws a large rock.
The large rock hits you!!!
The stone giant throws a large rock.
The large rock hits you!!!
Ouch! That really hurt!
You die...

**,,,,,,....................)<...
*,,,,,,,.........................
**,,,,,,.C..P....................
**,,,,,C.8......................
**,,,,,C.............)..........
**,,,,,,.....T.........#.........
,,,,,,,,........................#
,,,*,,,,.PP.....................#
,,,,,,,,........@....#..........#
,,,,,,,,......#$........$.......#
*,,,,,*,............#.......##.##
,,,,,,,*..#.#.............#...##
,,,,,,,,,**#..................,**
,,,,,,,,,,*##...............,,,,*
,,,,,,,,,,**#..#...........,,,,,,
,,,,,,,,,,,*...####........,,,,,*
,,,,,,,,,,,##.#*,*,..#.#..,,,,,**


You could see Snorg, a stone giant and 2 cyclopes.

Vanquished Creatures
  An ettin (Orc:1)
  3 two-headed ogres
  A troll (D:9)
  A hippogriff (D:7)
  A spriggan (D:7)
  4 yaks (D:9)
  5 wargs
  3 ice beasts
  8 orc warriors
  A hornet zombie (D:9)
  A phantom (D:8)
  9 ogres
  2 centaurs (D:6)
  A big kobold (D:7)
  6 bullfrogs
  A wyvern zombie (D:9)
  A wyvern skeleton (D:8)
  3 scorpions
  3 killer bees (D:7)
  2 howler monkeys (D:6)
  4 crimson imps
  A centaur zombie (D:5)
  A jelly (D:5)
  12 orc priests
  12 orc wizards
  3 centaur skeletons
  9 hounds
  3 iguanas
  6 worker ants
  A hound zombie (D:6)
  A hound skeleton (D:6)
  8 gnolls
  18 adders
  2 shadow imps
  An ooze (D:5)
  3 adder zombies
  A worm (D:4)
  5 dart slugs
  4 leopard geckos
  57 orcs
  13 giant cockroaches
  17 goblins
  6 hobgoblins
  4 quokkas
  2 ball pythons
  6 bats
  2 frilled lizards
  A jackal skeleton (D:4)
  A jackal zombie (D:5)
  11 kobolds
  4 rats
276 creatures vanquished.

Notes
Turn   | Place    | Note
-------+----------+-------------------------------------------
     0 | D:1      | Lavandula the Barachi Hunter began the quest for the Orb.
     0 | D:1      | Reached XP level 1. HP: 17/17 MP: 1/1
    76 | D:1      | Reached XP level 2. HP: 16/23 MP: 2/2
   933 | D:2      | Reached XP level 3. HP: 28/28 MP: 3/3
  1094 | D:2      | Reached skill level 5 in Crossbows
  1370 | D:2      | Reached XP level 4. HP: 34/34 MP: 4/4
  1939 | D:3      | Reached XP level 5. HP: 40/40 MP: 5/5
  2666 | D:4      | Reached XP level 6. HP: 28/46 MP: 6/6
  3141 | D:5      | Entered Level 5 of the Dungeon
  3199 | D:5      | Noticed an ice beast
  3208 | D:5      | Killed an ice beast
  3390 | D:4      | Reached XP level 7. HP: 37/51 MP: 7/7
  3972 | D:5      | Found Ybbukluz's Magic Scroll Shop.
  4018 | D:5      | Bought a scroll of teleportation for 33 gold pieces
  4018 | D:5      | Bought a scroll of magic mapping for 38 gold pieces
  4018 | D:5      | Bought a scroll of enchant armour for 82 gold pieces
  4018 | D:5      | Bought a scroll of remove curse for 33 gold pieces
  4018 | D:5      | Bought a scroll of immolation for 38 gold pieces
  4387 | D:6      | Reached XP level 8. HP: 57/57 MP: 8/8
  4669 | D:6      | Reached skill level 10 in Crossbows
  4807 | D:6      | Reached skill level 3 in Fighting
  4847 | D:6      | Reached skill level 4 in Fighting
  4965 | D:6      | Reached skill level 5 in Fighting
  5112 | D:6      | Reached skill level 6 in Fighting
  5485 | D:6      | Found a staircase to the Ecumenical Temple.
  5519 | Temple   | Entered the Ecumenical Temple
  5538 | Temple   | Became a worshipper of Cheibriados the Contemplative
  5701 | D:6      | Reached skill level 7 in Fighting
  5862 | D:7      | Reached XP level 9. HP: 70/72 MP: 9/9
  5995 | D:7      | Reached skill level 8 in Fighting
  6038 | D:7      | Found Ramuzat's Assorted Antiques.
  6046 | D:7      | Bought a blue potion for 21 gold pieces
  6046 | D:7      | Bought an orange potion for 21 gold pieces
  6046 | D:7      | Bought a scroll labeled UHINGI IWIHYR for 24 gold pieces
  6131 | D:7      | Reached * piety under Cheibriados
  6229 | D:7      | Reached skill level 5 in Dodging
  7202 | D:7      | Found a runed door.
  7659 | D:7      | Reached ** piety under Cheibriados
  7683 | D:7      | Reached skill level 9 in Fighting
  7790 | D:8      | Noticed a two-headed ogre
  7941 | D:8      | Killed a two-headed ogre
  7941 | D:8      | Reached skill level 11 in Fighting
  7941 | D:8      | Reached XP level 10. HP: 87/87 MP: 10/10
  8154 | D:8      | Noticed a two-headed ogre
  8163 | D:8      | Killed a two-headed ogre
  8306 | D:8      | Reached skill level 1 in Invocations
  8837 | D:9      | Noticed a two-headed ogre
  8931 | D:9      | Reached *** piety under Cheibriados
  9333 | D:9      | Reached skill level 5 in Invocations
  9365 | D:9      | Reached skill level 1 in Evocations
  9639 | D:9      | Found a staircase to the Orcish Mines.
  9854 | D:9      | Reached XP level 11. HP: 83/93 MP: 10/14
  9876 | D:9      | Noticed a two-headed ogre
  9885 | D:9      | Killed a two-headed ogre
  9885 | D:9      | Reached skill level 5 in Evocations
 10034 | D:9      | Reached skill level 1 in Armour
 10047 | D:9      | Reached skill level 1 in Short Blades
 10306 | D:9      | Reached **** piety under Cheibriados
 10376 | Orc:1    | Entered Level 1 of the Orcish Mines
 10376 | Orc:1    | Found a radiant altar of Vehumet.
 10449 | Orc:1    | Noticed an ettin
 10463 | Orc:1    | Killed an ettin
 10819 | Orc:2    | Entered Level 2 of the Orcish Mines
 10860 | Orc:2    | Noticed a cyclops
 10860 | Orc:2    | Noticed Snorg
 10861 | Orc:2    | Found Ihoeh's Antique Armour Shop.
 10861 | Orc:2    | Noticed a stone giant
 10861 | Orc:2    | Hit by a large rock thrown by a stone giant

Skill      XL: |  1  2  3  4  5  6  7  8  9 10 11 |
---------------+----------------------------------+-----
Crossbows      | 5 6 8 9 10 | 10.2
Fighting       | 7 11 | 11.0
Dodging        | 6 8 |  8.1
Invocations    | 5 6 |  6.6
Evocations     | 3 5 |  5.5
Armour         | 1 |  1.6
Short Blades   | 2 |  2.4
Stealth        | |  0.8

Action                   |  1- 3 |  4- 6 |  7- 9 | 10-12 || total
-------------------------+-------+-------+-------+-------++-------
Melee: Short sword       |    23 |    79 |    52 |       ||   154
       Dagger            |       |       |       |   105 ||   105
 Fire: Hand crossbow     |    49 |   125 |   412 |   212 ||   798
Invok: Bend Time         |       |       |     2 |     3 ||     5
       Slouch            |       |       |       |     1 ||     1
 Abil: Hop               |     2 |     5 |    18 |    13 ||    38
Evoke: Wand              |       |       |     2 |    10 ||    12
  Use: Scroll            |       |     3 |     7 |     5 ||    15
       Potion            |       |       |     3 |     1 ||     4
 Stab: Sleeping          |     2 |     1 |       |     1 ||     4
       Confused          |       |       |       |     3 ||     3
  Eat: Chunk             |       |     8 |    11 |     5 ||    24
       Royal jelly       |       |       |     1 |       ||     1
Armor: Leather armour    |    11 |    46 |    18 |     5 ||    80
       Skin              |       |       |    56 |    12 ||    68
       Ring mail         |       |       |       |    11 ||    11
Dodge: Dodged            |    27 |    97 |   108 |   148 ||   380
